 Dungeon Crawl Stone Soup version 0.32-a0-411-g744942f433 (webtiles) character file.

Game seed: 10774283154079457551

88 Bravepunisher the Ducker (level 4, 24/24 HPs)
             Began as a Spriggan Monk on Feb 21, 2024.
             Quit the game on level 4 of the Dungeon.
             The game lasted 00:05:38 (1265 turns).

Bravepunisher the Ducker (Spriggan Monk)            Turns: 1265, Time: 00:05:39

Health: 24/24      AC:  3    Str:  7    XL:     4   Next: 29%
Magic:  5/5        EV: 21    Int: 11    God:
Gold:   48         SH:  0    Dex: 19    Spells: 3/3 levels left

rFire   . . .        a - +0 short sword
rCold   . . .        (no shield)
rNeg    . . .        b - +0 robe
rPois   .            (helmet restricted)
rElec   .            i - +0 cloak
rCorr   .            (gloves unavailable)
SInv    +            (boots unavailable)
Will    .....        (no amulet)
Stlth   ++           (no ring)
HPRegen 0.24/turn    (no ring)
MPRegen 0.09/turn

%: no passive effects
@: very quick
A: very small, no large weapons, unfitting armour, see invisible, speed 3
a: no special abilities


You were on level 4 of the Dungeon.
You visited 1 branch of the dungeon, and saw 7 of its levels.

You collected 48 gold pieces.

Inventory:

Hand Weapons
 a - a +0 short sword (weapon)
Armour
 b - a +0 robe (worn)
 i - a +0 cloak (worn)
Jewellery
 e - a ring of ice
 h - an amulet of magic regeneration
Wands
 l - a wand of paralysis (6)
Scrolls
 d - a scroll of poison {unknown}
 f - 2 scrolls of teleportation {unknown}
 g - a scroll of fear {unknown}
 j - a scroll of vulnerability {unknown}
 k - a scroll of enchant armour {unknown}
 m - a scroll of immolation {unknown}
Potions
 c - a potion of ambrosia
 n - a potion of curing {unknown}
 o - a potion of degeneration {unknown}


   Skills:
 + Level 3.1 Fighting
 - Level 3.2 Short Blades
 * Level 6.0 Dodging


You had 3 spell levels left.
You didn't know any spells.
Your spell library was empty.

Dungeon Overview and Level Annotations

Branches:
Dungeon (7/15)
 Temple: D:4-7

Altars:
Gozag
Qazlal

Shops:
D:6 *


Innate Abilities, Weirdness & Mutations

You are very small and have problems with some larger weapons.
You are too small for most types of armour.
You have supernaturally acute eyesight. (SInv)
You cover ground extremely quickly. (Speed+++)


Message History

There is a web here.
The web tears apart.
The ribbon worm completely misses you.
The centaur shouts!
The centaur shoots an arrow.
The arrow misses you.
There is a stone staircase leading up here.
The centaur shoots an arrow.
The arrow barely misses you.
You climb upwards.
There is a stone staircase leading down here.
HP restored.
o - an amethyst potion As you open the door, it creaks loudly!
There is an open door here.
There is an open door here.
An endoplasm comes into view.
The endoplasm quivers.
An endoplasm is nearby!
You hit the endoplasm but do no damage. The endoplasm misses you.
You hit the endoplasm.
You kill the endoplasm!
Found an escape hatch in the ceiling.
The ball python completely misses you. The ball python closely misses you.
You hit the ball python.
The ball python is heavily wounded.
The ball python barely misses you. The ball python completely misses you.
You hit the ball python.
You kill the ball python!
You open the door.
There is an open door here.
You open the door.
A ball python comes into view.
There is an open door here.
The ball python hisses angrily.
Found 2 stones.
As you open the door, it creaks loudly!
Found 3 stones.
There is an open door here.
You hit the ball python.
You kill the ball python!
A phantom is nearby!
Are you sure you want to abandon this character and quit the game? (Confirm with "yes".)

##+############+##
#................#
#................#
#.(..............#
#..W.S...W...^...#
##'####..........# #.#
#.....W....# ##.# ########....
#@.# #.... ###############.##
#.... #.).†.......##.(.#########
##'##
##.#############.##.......####W#.
.w.............###........'W...#.
##.###############..!.....######.
#.#...........#............####.
##.#.#########.#.##########......
.................................


You could see a phantom.

Vanquished Creatures
  2 hounds
  An adder (D:4)
  3 ball pythons
  2 endoplasms (D:4)
  A quokka (D:5)
  3 kobolds
12 creatures vanquished.

Notes
Turn   | Place    | Note
-------+----------+-------------------------------------------
     0 | D:1      | Bravepunisher the Spriggan Monk began the quest for the
                  | Orb.
     0 | D:1      | Reached XP level 1. HP: 11/11 MP: 2/2
    28 | D:2      | Found a stormy altar of Qazlal.
   182 | D:4      | Noticed a phantom
   186 | D:5      | Entered Level 5 of the Dungeon
   190 | D:5      | Noticed a hound
   426 | D:4      | Reached XP level 2. HP: 16/16 MP: 3/3
   631 | D:6      | Noticed a phantom
   636 | D:6      | Found Gozag's Platinum Reserve.
   636 | D:6      | Found an opulent altar of Gozag.
   657 | D:6      | Noticed a scorpion
   686 | D:7      | Noticed a kobold brigand
   686 | D:7      | Noticed a black bear
   868 | D:7      | Noticed a scorpion
   868 | D:7      | Noticed a bullfrog
   879 | D:6      | Noticed an ogre
   888 | D:6      | Noticed a sky beast
   939 | D:6      | Noticed an ice beast
  1052 | D:6      | Reached skill level 5 in Dodging
  1052 | D:6      | Reached XP level 3. HP: 12/20 MP: 4/4
  1086 | D:5      | Reached skill level 6 in Dodging
  1086 | D:5      | Reached XP level 4. HP: 19/24 MP: 5/5
  1087 | D:5      | Noticed a centaur
  1265 | D:4      | Quit the game

Illustrated notes

Levels and vault maps discovered:
D:1:      roderic_crossed_star, layout_rooms,
          shapermc_ecumenical_altar_totnotflames, roderic_lattice_a
D:2:      minmay_recursive_quarters, layout_rooms, basic_altar
D:3:      minmay_angry_zag, layout_loops_corners, ebering_dispersal_statue_hall
D:4:      layout_basic, nrook_loot_triangle
D:5:      layout_cave_pools, minmay_temple_entry_butterflies, uniq_ijyb
D:6:      layout_loops_corners, nicolae_gozag_zags_fifth_avenue,
          minmay_statues_item
D:7:      layout_basic, grunt_ministairs_2

Skill      XL: |  1  2  3 |
---------------+----------+-----
Fighting       | 3 |  3.1
Dodging        | 5 6 |  6.0
Short Blades   | |  3.2

Action                     |  1- 3 |  4- 6 || total
---------------------------+-------+-------++-------
  Melee: Short sword       |    73 |     5 ||    78
   Stab: Sleeping          |     1 |       ||     1
 Armour: Robe              |    26 |     2 ||    28
  Dodge: Dodged            |    80 |    12 ||    92

Table legend: (Time is in decaauts)
 A = Elapsed time spent in this place.
 B = Non-inter-level travel time spent in this place.
 C = Inter-level travel time spent in this place.
 D = Time resting spent in this place.
 E = Time spent auto-exploring this place.
 F = Levels seen in this place.
 G = Mean time per level.
                   A        B        C        D        E       F      G
               +--------+--------+--------+--------+--------+-----+--------+
         Total |    858 |    858 |      0 |     39 |    299 |   7 |  122.6 |
       Dungeon |    858 |    858 |      0 |     39 |    299 |   7 |  122.6 |
               +--------+--------+--------+--------+--------+-----+--------+

Top non-repeatable levels by time:
     D:4: 330 daAuts
     D:6: 254 daAuts
     D:5: 124 daAuts
     D:7: 54 daAuts
     D:2: 50 daAuts
     D:3: 27 daAuts
     D:1: 17 daAuts
